Map: Catalyst LE

Players

Juxtapose

  • Race: Terran Terran
  • League: Platinum
  • Spawn Location: 5:00

A.I. 1 (Elite) - Winner!

  • Race: Terran Terran
  • Spawn Location: 11:00

VOD

https://youtu.be/7NQLLG143DE

Description

At this point I'm feeling quite frustrated. While I was surprised when the game placed me in Platinum League Tier 2, considering I had just made Platinum League Tier 3 prior, and that was quite the challenge and accomplishment for me, it's clear I was placed too highly this Season.

The good news is it's only a matter of time until I loose enough to start being matched against opponents of my actual skill level, the bad news is its demoralizing to loose so much in a row to make that happen.

So I've decided to practice against the AI for the moment, and Versus AI is a mode I have not touched since last July I believe.

Time

  • Played on: Feb. 11, 2018, 11:23 a.m.
  • Length: 9:05
Show
View Real Time Build Order
Export as new Build Order

Juxtapose Terran 

Build Orders:  

Get SALT Encoding   

  12  0:01  SCV  
  13  0:13  SCV  
  14  0:18  Supply Depot  
  14  0:25  SCV  
  15  0:40  SCV  
  16  0:45  Barracks  
  16  0:49  Supply Depot  
  16  0:53  SCV  
  17  1:05  SCV  
  17  1:06  Refinery  
  18  1:17  SCV  
  19  1:20  Refinery  
  19  1:33  Orbital Command  
  19  1:44  Marine  
  20  1:59  SCV  
  21  2:04  Barracks Reactor  
  21  2:10  Factory  
  21  2:11  SCV  
  21  2:22  Engineering Bay  
  21  2:23  SCV  
  22  2:35  SCV  
  23  2:45  Marine x2  
  23  2:46  Command Center  
  25  2:54  Factory Reactor  
  25  3:02  Marine x2  
  25  3:03  Terran Infantry Weapons Level 1  
  27  3:06  Missile Turret  
  27  3:18  Supply Depot  
  27  3:20  Marine x2  
  29  3:40  Cyclone x2  
  29  3:41  Marine x2  
  37  4:04  SCV  
  37  4:07  Marine x2  
  40  4:12  Cyclone  
  40  4:16  SCV  
  44  4:17  Orbital Command  
  44  4:21  Cyclone  
  47  4:25  Marine  
  47  4:27  Marine  
  47  4:28  SCV  
  50  4:40  SCV  
  50  4:44  Cyclone  
  54  4:50  Supply Depot  
  54  5:08  Missile Turret  
  54  5:11  Marine x2, SCV x2  
  58  5:19  Supply Depot  
  58  5:24  SCV x2  
  60  5:29  Marine x2  
  60  5:30  Starport  
  60  5:34  Terran Infantry Armor Level 1  
  62  5:38  SCV x2  
  61  5:47  Marine  
  62  5:50  SCV  
  62  5:53  SCV  
  64  5:58  Marine  
  64  6:00  Command Center  
  64  6:01  Widow Mine  
  64  6:03  SCV  
  68  6:05  Marine, SCV  
  70  6:11  Refinery  
  70  6:14  Refinery  
  70  6:27  Supply Depot  
  70  6:38  Starport Tech Lab  
  70  6:48  Marine x2, SCV x2  
  70  6:50  Supply Depot  
  70  6:51  Armory  
  74  6:54  Barracks  
  74  6:59  Factory  
  74  7:00  SCV x2  
  76  7:04  Starport  
  76  7:06  Marine x2  
  78  7:12  SCV x2  
  80  7:24  Planetary Fortress  
  80  7:25  SCV x2  
  82  7:32  Marine x2  
  82  7:34  Medivac x2  
  90  7:37  SCV x2  
  90  7:39  Siege Tank  
  90  7:44  Starport Reactor  
  93  7:45  Factory Tech Lab  
  93  7:49  SCV x2  
  95  7:53  Barracks Tech Lab  
  95  8:00  Refinery  
  95  8:01  Marine x2, Refinery, SCV x2  
  99  8:11  Supply Depot  
  99  8:13  SCV  
  99  8:19  Marine  
  101  8:32  Marine  
  101  8:33  Marine  
  109  8:34  Supply Depot  
  82  8:57  Supply Depot  
Show
View Real Time Build Order
Export as new Build Order

A.I. 1 (Elite) Terran - Winner!

Build Orders: Mech 

Get SALT Encoding   

  12  0:00  SCV  
  13  0:13  SCV  
  14  0:19  Supply Depot  
  14  0:25  SCV  
  15  0:40  SCV  
  16  0:42  Barracks  
  16  0:53  SCV  
  17  1:05  SCV  
  18  1:17  SCV  
  19  1:21  Command Center  
  19  1:30  Marine  
  20  1:35  Orbital Command  
  20  1:41  Refinery  
  20  1:48  Marine  
  20  1:53  Supply Depot  
  21  2:01  SCV  
  21  2:06  Marine, Refinery  
  23  2:15  SCV  
  24  2:24  Marine  
  24  2:27  SCV  
  26  2:33  SCV  
  27  2:42  Marine  
  28  2:45  Orbital Command  
  28  2:48  Factory  
  28  2:49  SCV  
  29  3:00  Factory  
  29  3:02  Marine  
  29  3:04  SCV  
  31  3:13  SCV  
  31  3:16  SCV  
  33  3:20  Marine  
  33  3:24  Supply Depot  
  33  3:25  SCV  
  35  3:28  SCV  
  35  3:33  Factory Tech Lab  
  36  3:38  SCV  
  36  3:40  SCV  
  38  3:43  Factory Tech Lab  
  38  3:50  SCV  
  38  3:52  SCV  
  38  3:53  Siege Tank  
  43  3:56  Supply Depot  
  43  4:02  Siege Tank, SCV  
  47  4:04  SCV  
  48  4:13  Marine  
  48  4:14  Supply Depot, SCV  
  48  4:16  SCV  
  51  4:23  Supply Depot  
  51  4:25  Siege Tank  
  51  4:26  SCV  
  51  4:28  SCV  
  56  4:36  Supply Depot  
  56  4:38  SCV  
  57  4:40  Marine  
  57  4:41  SCV  
  57  4:42  Siege Tank  
  62  4:50  SCV  
  63  4:53  SCV  
  63  4:57  Supply Depot  
  63  4:58  Marine  
  65  5:01  Hellion  
  65  5:02  SCV  
  65  5:03  Armory  
  65  5:04  Refinery  
  65  5:05  SCV  
  69  5:07  Barracks  
  69  5:09  Refinery  
  69  5:14  Hellion, SCV  
  69  5:16  Barracks Tech Lab  
  69  5:17  SCV  
  73  5:23  Hellion  
  75  5:29  SCV x2  
  75  5:32  Command Center  
  77  5:36  Hellion  
  77  5:41  SCV  
  77  5:42  SCV  
  81  5:48  Armory  
  81  5:51  Terran Vehicle And Ship Armor Level 1  
  81  5:53  Hellion, SCV  
  81  5:54  SCV  
  81  5:56  Supply Depot  
  87  5:57  Hellion  
  87  5:58  Factory  
  87  6:14  Siege Tank  
  90  6:20  Engineering Bay, Siege Tank  
  90  6:24  Supply Depot  
  93  6:33  Infernal Pre-Igniter  
  93  6:35  Terran Vehicle Weapons Level 1  
  93  6:44  SCV x2  
  93  6:45  SCV  
  96  6:52  Thor  
  102  6:56  SCV  
  102  6:57  SCV x2  
  102  6:58  Refinery  
  102  7:00  Missile Turret  
  105  7:02  Missile Turret  
  105  7:03  Refinery  
  105  7:05  Missile Turret  
  105  7:07  Missile Turret  
  105  7:08  SCV  
  105  7:09  SCV  
  105  7:10  SCV  
  105  7:11  Thor  
  105  7:13  Supply Depot, Factory Tech Lab  
  114  7:20  SCV  
  114  7:22  Orbital Command, SCV  
  116  7:27  Missile Turret  
  116  7:33  SCV  
  116  7:34  SCV  
  116  7:35  Siege Tank  
  116  7:36  Siege Tank  
  124  7:37  Supply Depot  
  124  7:45  SCV  
  124  7:46  SCV  
  124  7:47  SCV  
  124  7:48  Barracks  
  124  7:49  Missile Turret  
  127  7:53  Thor  
  127  7:54  Command Center  
  133  7:59  SCV  
  133  8:01  Supply Depot  
  134  8:07  Widow Mine  
  134  8:09  Missile Turret  
  136  8:13  Starport  
  136  8:26  Supply Depot  
  142  8:29  Widow Mine  
  144  8:37  Barracks  
  144  8:43  Barracks Reactor  
  144  8:44  Barracks Tech Lab  
  142  8:50  Starport Tech Lab, Supply Depot  
  142  8:54  Missile Turret  
Tags
 
Composition
Mech
League
Platinum
Matchup
TvT
Race
Terran
Spawn Locations
Cross Positions
Add a new tag
Caveats
  • Supply blocks, unpowered buildings, or Contaminate may cause inaccurate times.
  • Supply counts are checked every 10 seconds.